 Dungeon Crawl Stone Soup version 0.24.0-123-gd5b16e6ec5 (webtiles) character file.

Game seed: 6832208952606134022, levelgen mode: deterministic

150430 Curus the Impregnable (level 16, -3/182 HPs)
             Began as a Minotaur Fighter on Jan 19, 2020.
             Was the Champion of Trog.
             Killed from afar by Nikola (25 damage)
             ... with a chain lightning
             ... on level 1 of the Snake Pit.
             The game lasted 02:26:36 (24196 turns).

Curus the Impregnable (Minotaur Fighter)           Turns: 24196, Time: 02:26:36

Health: -3/182     AC: 28    Str: 23    XL:     16   Next: 98%
Magic:  20/20      EV:  7    Int:  7    God:    Trog [******]
Gold:   2239       SH: 13    Dex: 18    Spells: 15/15 levels left

rFire    . . .     SeeInvis +   W - +4 demon blade (freeze)
rCold    . . .     Gourm    .   J - +0 shield
rNeg     + . .     Faith    .   x - +1 plate armour {rPois}
rPois    +         Spirit   .   (helmet restricted)
rElec    .         Reflect  .   a - scarf {repulsion}
rCorr    +         Harm     .   I - +2 pair of gloves {Dex+3}
MR       +++..                  L - +2 pair of boots {Fly}
Stlth    ..........             o - amulet of Vitality {Regen+ HP+15}
HPRegen  1.80/turn              Z - ring of resist corrosion
MPRegen  0.17/turn              K - ring of positive energy

@: flying, regenerating, repel missiles
A: retaliatory headbutt, horns 2, talons 1, see invisible, strong 1
a: Berserk, Trog's Hand, Brothers in Arms, Renounce Religion, Stop Flying


You were on level 1 of the Snake Pit.
You worshipped Trog.
Trog was exalted by your worship.
You were hungry.

You visited 5 branches of the dungeon, and saw 27 of its levels.
You visited the Abyss 1 time.
You also visited: Bailey.

You collected 2959 gold pieces.
You spent 720 gold pieces at shops.

Inventory:

Hand Weapons
 w - a +4 scimitar of flaming
 B - a +2 double sword of electrocution
 W - a +4 demon blade of freezing (weapon)
Armour
 a - a scarf of repulsion (worn)
 c - a +0 shield
 v - a scarf of cloud immunity
 x - a +1 plate armour of poison resistance (worn)
 A - a +3 plate armour of fire resistance
 D - a scarf of spirit shield
 H - the +10 plate armour "Giseda" {SInv}
   (You found it in a bailey)

   It lets you see invisible.
 I - a +2 pair of gloves of dexterity (worn)
 J - a +0 shield (worn)
 L - a +2 pair of boots of flying (worn)
Jewellery
 e - an uncursed ring of protection from fire
 n - an uncursed ring of poison resistance
 o - the amulet of Vitality (around neck) {Regen+ HP+15}
   (You found it on level 4 of the Dungeon)

   [amulet of regeneration]

   It affects your health (+15).
   It increases your rate of regeneration.
 u - an uncursed amulet of guardian spirit
 y - an uncursed ring of protection from magic
 K - a ring of positive energy (right hand)
 O - an uncursed amulet of the gourmand
 Z - a ring of resist corrosion (left hand)
Wands
 k - a wand of clouds (6)
 t - a wand of flame (30)
 C - a wand of iceblast (13)
 Q - a wand of digging (15)
 Y - a wand of acid (28)
Scrolls
 b - 6 scrolls of magic mapping
 g - 14 scrolls of teleportation
 h - 25 scrolls of identify
 i - 17 scrolls of remove curse
 r - 5 scrolls of blinking
 s - 3 scrolls of fog
 E - 2 scrolls of fear
 F - a scroll of enchant armour
 G - 5 scrolls of enchant weapon
 N - a scroll of acquirement
Potions
 d - 4 potions of might
 j - 8 potions of curing
 l - 6 potions of haste
 m - 5 potions of agility
 p - 4 potions of magic
 q - 4 potions of degeneration
 z - 6 potions of brilliance
 M - a potion of invisibility
 T - 3 potions of heal wounds
 U - a potion of berserk rage
Comestibles
 f - 37 rations


   Skills:
 + Level 21.0 Fighting
 - Level 14.0 Long Blades
 + Level 21.0 Armour
 - Level 10.0 Shields
 - Level 7.0 Evocations


You had 15 spell levels left.
You didn't know any spells.
Your spell library was empty.

Dungeon Overview and Level Annotations

Branches:
Dungeon (15/15)            Temple (0/1) D:4            Lair (6/6) D:11
  Swamp (3/4) Lair:2        Snake (1/4) Lair:2        Slime (0/5) Lair:5
    Orc (2/2) D:9             Elf (0/3) Orc:2        Vaults (0/5) D:14
 Depths (0/5) D:15         Bailey (visited)

Altars:
Ashenzari
Gozag
Hepliaklqana
Makhleb
Nemelex Xobeh
Qazlal
Ru
Trog
Uskayaw
Vehumet
Wu Jian
Xom
Zin
The Shining One
Beogh

Shops:
D:5 *   D:12 [   D:14 [   Orc:1 }   Orc:2 (***

Annotations:
D:6 2 runed translucent doors
D:7 2 transporters
Snake:1 Nikola


Innate Abilities, Weirdness & Mutations

You reflexively headbutt those who attack you in melee.
You have a pair of horns on your head.
You have sharp toenails.
You have supernaturally acute eyesight. (SInv)
Your muscles are strong. (Str +2)


Message History

Your stone giant hits Nikola!
Nikola hits your stone giant with a +0 rapier of electrocution.
Lightning courses through your stone giant!
Your stone giant hits Nikola!!!
You see here an anaconda corpse.
Your stone giant hits Nikola!!
Nikola casts a spell at your stone giant.
The bolt of lightning hits your stone giant!!!
Your stone giant barely misses Nikola.
Things that are here:
a cursed -3 halberd; 15 gold pieces; a salamander corpse You slash Nikola!
You freeze Nikola. Your headbutt misses Nikola.
Nikola is almost dead.
Nikola mumbles some strange words.
You hear a mighty clap of thunder!
The lightning arc hits your stone giant!!
The lightning arc hits you!!
* * * LOW HITPOINT WARNING * * *
The lightning arc hits Nikola!
The lightning arc hits you!!
You die...

....... .......
....... #
....... .
....... .##
...... #..#
..#..## #..#
.###.#..###..#
.......@.#..#
.......@C†..#
........#.##
.....#####.#
....# ###
.#..##
##...#####
##..SS....#)
####...........


You could see Nikola and a friendly stone giant (berserk).

Vanquished Creatures
  Jorgrun (Snake:1)
  The ghost of Saltbearer the Severer, an adept HOBe of Trog (Swamp:2)
  2 thorn hunters (Swamp:3)
  Agnes (D:15)
  Donald (Snake:1)
  A frost giant (D:12)
  A caustic shrike zombie (D:15)
  Nessos (D:12)
  A dire elephant (Lair:5)
  A quicksilver dragon zombie (D:15)
  An ettin (D:12)
  Josephine (Snake:1)
  A yaktaur captain (D:12)
  A naga warrior (Snake:1)
  11 hydras
  2 vault guards (D:14)
  2 rakshasas (D:15)
  2 ghost crabs (Swamp:2)
  A merfolk avatar (Lair:6)
  5 centaur warriors
  15 alligators
  An ogre mage (D:15)
  8 two-headed ogres
  4 naga sharpshooters (Snake:1)
  3 tengu warriors (D:15)
  5 death yaks
  A thrashing horror (Abyss:2)
  Sonja (D:10)
  Urug (D:11)
  A sea snake (Lair:6)
  2 skeletal warriors (D:15)
  2 spriggan druids
  4 wizards (D:14)
  3 swamp dragons
  A phantasmal warrior (D:15)
  A harpy (Lair:6)
  2 deep elf magi
  A wolf spider zombie (D:15)
  A salamander (shapeshifter) (D:15)
  2 necromancers
  An orc sorcerer (Bailey)
  2 orc knights
  2 manticores
  6 ugly things
  4 cyclopes
  3 oklob plants
  8 black mambas
  7 elephants
  2 centaur zombies
  An eye of devastation (Abyss:2)
  3 gargoyles
  A stone giant skeleton (D:15)
  17 spiny frogs
  5 rime drakes (Lair:6)
  2 kobold demonologists
  An efreet (D:13)
  9 komodo dragons
  5 yaktaurs (D:15)
  3 tengu conjurers (D:15)
  A queen bee (D:9)
  3 wind drakes (Lair:6)
  6 trolls
  4 hornets
  4 polar bears (Lair:6)
  A queen bee (shapeshifter) (D:15)
  9 tyrant leeches
  An ice dragon zombie (D:15)
  Grinder (D:3)
  14 slime creatures
  Prince Ribbit (D:8)
  A bog body (Swamp:3)
  12 hippogriffs
  8 blink frogs
  4 shadows
  2 spriggans
  6 flying skulls (Abyss:2)
  5 wraiths
  A human (shapeshifter) (Abyss:2)
  Grum (D:8)
  23 yaks
  5 wyverns
  A neqoxec (Abyss:2)
  A basilisk (shapeshifter) (D:14)
  2 basilisks
  18 humans (D:14)
  A hungry ghost (D:11)
  Menkaure (D:5)
  21 vampire mosquitoes
  13 swamp worms
  5 wargs
  8 nagas
  6 insubstantial wisps (Swamp:3)
  5 soldier ants
  13 water moccasins
  51 orc warriors
  9 porcupines
  3 black bears
  A necrophage (D:14)
  2 sky beasts
  An eye of draining (Abyss:2)
  7 ice beasts
  2 small abominations (Abyss:2)
  5 swamp drakes
  8 wolves
  22 ogres
  4 phantoms
  25 centaurs
  11 crocodiles
  2 big kobolds
  22 bullfrogs
  A gnoll sergeant (Orc:2)
  5 scorpions
  29 killer bees
  5 wights (D:12)
  4 electric eels (Bailey)
  9 crimson imps
  9 howler monkeys
  2 quasits
  3 bullfrog zombies
  A gnoll shaman (D:8)
  17 orc priests
  9 hounds
  2 jellies
  25 orc wizards
  4 bullfrog skeletons
  4 centaur skeletons
  3 iguanas
  Natasha (thrice) (D:2)
  18 worker ants
  2 hound skeletons
  2 worker ant zombies
  Robin (D:4)
  17 gnolls
  10 adders
  2 shadow imps
  3 adder skeletons
  6 worms
  A dart slug (D:2)
  7 leopard geckos
  85 orcs
  2 giant cockroaches
  22 goblins
  12 hobgoblins
  10 jackals
  6 quokkas
  2 ball pythons
  15 bats
  6 frilled lizards
  17 kobolds
  A leopard gecko skeleton (D:5)
  A quokka skeleton (D:5)
  5 rats
  A briar patch (Swamp:3)
  A bush (D:14)
  A plant (Lair:1)
953 creatures vanquished.

Vanquished Creatures (collateral kills)
  Saint Roka (Orc:2)
  An anaconda (Snake:1)
  A hydra (Lair:2)
  A queen ant (Lair:2)
  A naga ritualist (Snake:1)
  An orc sorcerer (Orc:2)
  A manticore (D:12)
  A salamander (Snake:1)
  2 tyrant leeches (Lair:2)
  4 slime creatures (D:12)
  4 yaks (Lair:2)
  A warg (Orc:2)
  A swamp worm (Lair:2)
  5 soldier ants (Lair:2)
  4 orc warriors (Orc:2)
  An ogre (Orc:2)
  4 orc priests
  12 worker ants (Lair:2)
  4 orcs (Orc:2)
50 creatures vanquished.

Vanquished Creatures (others)
  A black mamba (Snake:1)
  A briar patch (Swamp:3)
  2 fungi
  12 plants
16 creatures vanquished.

Grand Total: 1019 creatures vanquished

Notes
Turn   | Place    | Note
-------+----------+-------------------------------------------
     0 | D:1      | Curus the Minotaur Fighter began the quest for the Orb.
     0 | D:1      | Reached XP level 1. HP: 19/19 MP: 0/0
   343 | D:1      | Reached XP level 2. HP: 26/26 MP: 1/1
  1059 | D:2      | Reached XP level 3. HP: 31/31 MP: 2/2
  1110 | D:2      | Noticed Natasha
  1121 | D:2      | Killed Natasha
  1121 | D:2      | Reached skill level 5 in Long Blades
  1209 | D:2      | Noticed Natasha
  1218 | D:2      | Killed Natasha
  1218 | D:2      | Reached XP level 4. HP: 39/39 MP: 3/3
  1424 | D:2      | Noticed a moth of wrath
  1427 | D:2      | Found a bloodstained altar of Trog.
  1446 | D:2      | HP: 1/39 [worm (9)]
  1768 | D:2      | Found a glowing golden altar of the Shining One.
  1779 | D:2      | Noticed Natasha
  1786 | D:2      | Killed Natasha
  1803 | D:2      | Reached XP level 5. HP: 38/45 MP: 4/4
  1864 | D:2      | Found a sparkling altar of Nemelex Xobeh.
  1917 | D:2      | Became a worshipper of Trog the Wrathful
  2498 | D:3      | Noticed Grinder
  2513 | D:3      | Killed Grinder
  2513 | D:3      | Reached XP level 6. HP: 23/51 MP: 5/5
  2559 | D:3      | Gained mutation: Your muscles are strong. (Str +2) [potion
                  | of mutation]
  2559 | D:3      | Gained mutation: You evolve. [potion of mutation]
  2559 | D:3      | Gained mutation: You have sharp toenails. [potion of
                  | mutation]
  2793 | D:3      | Reached * piety under Trog
  2840 | D:3      | Gained mutation: You expend magic power (3 MP) to
                  | strengthen your wands. [evolution]
  3360 | D:4      | Reached XP level 7. HP: 49/57 MP: 6/6
  3454 | D:4      | Found a staircase to the Ecumenical Temple.
  3487 | D:4      | Found the amulet of Vitality {Regen+ HP+15}
  3521 | D:4      | Reached skill level 10 in Long Blades
  3533 | D:4      | Noticed Robin
  3557 | D:4      | Killed Robin
  4097 | D:5      | Entered Level 5 of the Dungeon
  4168 | D:5      | Found Hilesanogh's General Store.
  4174 | D:5      | Bought a potion of degeneration for 13 gold pieces
  4394 | D:5      | Reached XP level 8. HP: 64/64 MP: 7/7
  4744 | D:5      | Noticed Menkaure
  4751 | D:5      | Killed Menkaure
  4886 | D:6      | Reached ** piety under Trog
  4988 | D:6      | Found a runed translucent door.
  5007 | D:6      | Found a runed translucent door.
  5056 | D:6      | Found a radiant altar of Vehumet.
  5236 | D:6      | Found an opulent altar of Gozag.
  5323 | D:7      | Reached XP level 9. HP: 60/70 MP: 8/8
  5534 | D:7      | Found a transporter.
  5535 | D:7      | Noticed a kobold demonologist
  5572 | D:7      | Noticed a kobold demonologist
  5636 | D:7      | Found a transporter.
  5674 | D:7      | Reached skill level 5 in Fighting
  5674 | D:7      | Reached skill level 5 in Armour
  5677 | D:7      | Reached *** piety under Trog
  5992 | D:8      | Found a radiant altar of Vehumet.
  5996 | D:8      | Noticed Grum
  6016 | D:8      | Killed Grum
  6016 | D:8      | Reached XP level 10. HP: 43/86 MP: 9/9
  6318 | D:8      | Noticed Prince Ribbit
  6326 | D:8      | Reached **** piety under Trog
  6456 | D:8      | Killed Prince Ribbit
  6745 | D:9      | Found a sacrificial altar of Ru.
  6867 | D:9      | Found a staircase to the Orcish Mines.
  6882 | D:9      | Found a roughly hewn altar of Beogh.
  7117 | D:9      | Reached skill level 10 in Fighting
  7117 | D:9      | Reached skill level 10 in Armour
  7167 | D:9      | Reached ***** piety under Trog
  7377 | D:9      | Found a shattered altar of Ashenzari.
  7383 | D:9      | Found a hide-covered altar of Uskayaw.
  7387 | D:9      | Found a shimmering altar of Xom.
  7393 | D:9      | Found a glowing silver altar of Zin.
  7397 | D:9      | Found a stormy altar of Qazlal.
  7403 | D:9      | Found a hazy altar of Hepliaklqana.
  7408 | D:9      | Found an ornate altar of the Wu Jian Council.
  7474 | D:9      | Found a burning altar of Makhleb.
  7541 | D:10     | Entered Level 10 of the Dungeon
  7564 | D:10     | Noticed a gargoyle
  7573 | D:10     | Killed a gargoyle
  7581 | D:10     | Reached XP level 11. HP: 101/101 MP: 10/10
  7689 | D:10     | Noticed Sonja
  7703 | D:10     | Killed Sonja
  7900 | D:10     | Received a gift from Trog
  8208 | D:11     | Noticed Urug
  8241 | D:11     | Killed Urug
  8312 | D:11     | Found a flagged portal.
  8332 | Bailey   | Entered a bailey
  8379 | Bailey   | Found an iron altar of Okawaru.
  8379 | Bailey   | Noticed an orc sorcerer
  8394 | Bailey   | Killed an orc sorcerer
  8519 | Bailey   | Got a garnet-encrusted plate armour
  8530 | Bailey   | Identified the +10 plate armour "Giseda" {SInv} (You found
                  | it in a bailey)
  8579 | Bailey   | Gained mutation: You have supernaturally acute eyesight.
                  | (SInv) [evolution]
  8636 | Bailey   | Noticed an orc knight
  8649 | Bailey   | Killed an orc knight
  9314 | D:11     | Noticed a brown ugly thing
  9327 | D:11     | Killed a brown ugly thing
  9486 | D:11     | Found a staircase to the Lair.
  9490 | D:11     | Got a smoking chain mail
  9492 | Lair:1   | Entered Level 1 of the Lair of Beasts
  9715 | Lair:1   | Reached skill level 1 in Evocations
  9784 | Lair:1   | Received a gift from Trog
  9814 | Lair:1   | Reached XP level 12. HP: 115/115 MP: 10/12
  9925 | Lair:1   | Lost mutation: You expend magic power (3 MP) to strengthen
                  | your wands. [evolution]
 10220 | Lair:1   | Reached skill level 5 in Shields
 10239 | Lair:1   | Identified the +3 chain mail "Gaschocw" {Dex+2} (You
                  | acquired it on level 11 of the Dungeon)
 10341 | Lair:2   | Found a staircase to the Snake Pit.
 10530 | Lair:2   | Noticed a six-headed hydra
 10542 | Lair:2   | Killed a six-headed hydra
 10626 | Lair:2   | Found a staircase to the Swamp.
 10834 | Lair:2   | Noticed a queen ant
 10850 | Lair:2   | Killed a queen ant
 10850 | Lair:2   | Reached skill level 5 in Evocations
 11684 | Lair:3   | Lost mutation: You evolve. [evolution]
 11899 | Lair:4   | Noticed a five-headed hydra
 11913 | Lair:4   | Killed a 15-headed hydra
 11913 | Lair:4   | Received a gift from Trog
 12027 | Lair:4   | Found the +6 Majin-Bo {vamp, Archmagi MP+6 Int+6}
 13012 | Lair:5   | Reached skill level 10 in Shields
 13061 | Lair:5   | Reached XP level 13. HP: 122/122 MP: 17/17
 13290 | Lair:5   | Noticed a dire elephant
 13303 | Lair:5   | Killed a dire elephant
 13521 | Lair:6   | Entered Level 6 of the Lair of Beasts
 13797 | Lair:6   | Found an opulent altar of Gozag.
 13863 | Lair:5   | Received a gift from Trog
 14086 | Lair:6   | Reached skill level 15 in Fighting
 14086 | Lair:6   | Reached skill level 15 in Armour
 14399 | Lair:6   | Reached XP level 14. HP: 135/135 MP: 18/18
 14573 | Lair:5   | Found a staircase to the Slime Pits.
 15122 | Orc:1    | Entered Level 1 of the Orcish Mines
 15450 | Orc:1    | Found Duityis's Gadget Shoppe.
 15819 | Orc:2    | Entered Level 2 of the Orcish Mines
 15823 | Orc:2    | Noticed Saint Roka
 15831 | Orc:2    | Paralysed by an orc sorcerer for 5 turns
 15834 | Orc:2    | Received a gift from Trog
 15843 | Orc:2    | Killed Saint Roka
 16708 | Orc:2    | Found Amyufenu's General Store.
 16708 | Orc:2    | Found Mathubu's Assorted Antiques.
 16708 | Orc:2    | Found Sishrioxe's Antique Weapon Boutique.
 16711 | Orc:2    | Found Jonetud's General Store.
 16718 | Orc:2    | Bought a scroll labeled XAMA MOQEKH for 40 gold pieces
 16718 | Orc:2    | Bought a potion of curing for 120 gold pieces
 16718 | Orc:2    | Bought a scroll of teleportation for 120 gold pieces
 16718 | Orc:2    | Bought a potion of curing for 120 gold pieces
 16732 | Orc:2    | Found a staircase to the Elven Halls.
 17157 | D:12     | Noticed Nessos
 17196 | D:12     | Killed Nessos
 17474 | D:12     | Found a glowing golden altar of the Shining One.
 17530 | D:12     | Found Viqogor's Antique Armour Shop.
 17664 | D:12     | Found a runed translucent door.
 18117 | D:12     | Noticed a frost giant
 18128 | D:12     | Killed a frost giant
 18242 | D:13     | Received a gift from Trog
 19038 | D:14     | Found Ymaoprir's Antique Armour Boutique.
 19041 | D:14     | Bought a pair of embroidered gloves for 307 gold pieces
 19214 | D:14     | Reached XP level 15. HP: 147/147 MP: 17/19
 19414 | D:14     | Cast into level 2 of the Abyss (a wizard)
 19488 | Abyss:2  | Reached ****** piety under Trog
 19547 | Abyss:2  | Found a corrupted altar of Lugonu.
 19590 | Abyss:2  | Received a gift from Trog
 19621 | D:14     | Escaped the Abyss
 19696 | D:14     | Found a gate to the Vaults.
 19912 | D:15     | Entered Level 15 of the Dungeon
 19932 | D:15     | Found a staircase to the Depths.
 20020 | D:15     | Noticed Agnes
 20033 | D:15     | Killed Agnes
 20430 | D:15     | Received a gift from Trog
 21333 | Swamp:1  | Entered Level 1 of the Swamp
 21369 | Swamp:1  | Reached XP level 16. HP: 109/160 MP: 12/20
 21591 | Swamp:1  | Received a gift from Trog
 22080 | Swamp:2  | Found a large runed translucent door.
 22081 | Swamp:2  | Found a large runed translucent door.
 22088 | Swamp:2  | Noticed Saltbearer's ghost (adept HOBe)
 22165 | Swamp:2  | Found a transporter.
 22169 | Swamp:2  | Found a transporter.
 22681 | Swamp:2  | Killed Saltbearer's ghost
 22705 | Swamp:3  | Noticed a thorn hunter
 22730 | Swamp:3  | Killed a thorn hunter
 23056 | Swamp:3  | Noticed a thorn hunter
 23076 | Swamp:3  | Killed a thorn hunter
 23503 | Swamp:2  | Received a gift from Trog
 23759 | Snake:1  | Entered Level 1 of the Snake Pit
 23784 | Snake:1  | Noticed Jorgrun
 23800 | Snake:1  | Killed Jorgrun
 23805 | Snake:1  | Noticed Donald
 23823 | Snake:1  | Killed Donald
 24117 | Snake:1  | Noticed Josephine
 24132 | Snake:1  | Killed Josephine
 24152 | Snake:1  | Noticed Nikola
 24196 | Snake:1  | Killed from afar by Nikola

Levels and vault maps discovered:
D:1:      lightli_molten_gateway, layout_basic
D:2:      layout_basic, nicolae_tso_carved_into_rock,
          nemelex_xobeh_ov_fountains_minmay, tgw_trog, uniq_natasha
D:3:      layout_loops_ring, first_ration, chequers_mini_garden, uniq_grinder
D:4:      layout_basic, minmay_temple_entry_glass, minmay_stone_trees_medium,
          uniq_robin
D:5:      layout_cave_pods, serial_shops, nicolae_shop_statue_plus,
          uniq_menkaure
D:6:      lemuel_insect_pit, layout_basic, basic_altar, grunt_ministairs_3,
          nicolae_gozag_cash_rules_everything_around_me
D:7:      gammafunk_wand_slinger, layout_basic
D:8:      lemuel_ice_spiral_2, layout_basic, lemuel_crystal_altar, st_stairs_13,
          uniq_prince_ribbit1, uniq_grum
D:9:      layout_roguey, lightli_temple_of_fire, grunt_temple_overflow_octagram,
          kennysheep_mini, minmay_orc_entry_temple_small,
          chequers_serial_rivers_room_a, david_nohive_1
D:10:     layout_basic, uniq_sonja
D:11:     layout_long_grid, lair_entry_dummy, enter_bailey_1, uniq_urug
D:12:     layout_cave_pods, serial_shops, shop_fountains, basic_altar,
          minivault_13, uniq_nessos
D:13:     layout_basic, hangedman_decor_opposing, serial_bayou_pond_c
D:14:     layout_roguey, grunt_vaults_entry_tiered, serial_shops, shop,
          serial_park_square2, nrook_campfire
D:15:     gammafunk_depths_entry_grave, layout_loops_ring, serial_bayou_pond_b,
          minmay_stone_trees_large, minmay_joined_circles, uniq_agnes
Lair:1:   layout_loops_ring, minmay_lair_oklob_chamber, grunt_megastairs_5
Lair:2:   layout_chaotic_city, minmay_swamp_entry_worms,
          minmay_snake_entry_guardpost_large, zaba_antful_of_joy
Lair:3:   layout_cave_pods
Lair:4:   layout_long_grid, serial_bayou_shore_b
Lair:5:   beast_lair_carwin_large_2, layout_gridlike, dpeg_slime_entry_corner
Lair:6:   gammafunk_lair_ancient_temple, layout_gridlike, basic_altar,
          serial_bayou_shore_b
Swamp:1:  layout_basic_swamp, nicolae_swamp_feature_on_the_river_bank
Swamp:2:  gammafunk_the_bubble [the_bubble_gammafunk_split], layout_basic_swamp,
          ebering_ghost_disaster_area, evilmike_swamp_ruin_rubble_1, swamp_pool2
Swamp:3:  layout_falls_marsh, evilmike_swamp_ruin_house_3, swamp_pool1
Snake:1:  layout_chambers, st_stairs_9, chequers_hall_statues_wall_a,
          uniq_nikola, uniq_jorgrun, uniq_donald, uniq_kirke, uniq_josephine
Orc:1:    layout_caves, serial_shops, shop, nooodl_orcs_dogs
Orc:2:    st_orc_rangers, layout_diamond_mine, uniq_saint_roka

Skill      XL: |  1  2  3  4  5  6  7  8  9 10 11 12 13 14 15 16 |
---------------+-------------------------------------------------+-----
Long Blades    | 3 4 5 6 8 9 11 13 14 | 14.0
Fighting       | 7 10 13 15 17 19 21 | 21.0
Armour         | 7 10 13 15 17 19 21 | 21.0
Shields        | 4 10 | 10.0
Evocations     | 1 7 |  7.0

Action                   |  1- 3 |  4- 6 |  7- 9 | 10-12 | 13-15 | 16-18 || total
-------------------------+-------+-------+-------+-------+-------+-------++-------
Melee: Long sword        |   115 |   124 |   301 |   277 |       |       ||   817
       Headbutt          |    10 |    20 |    51 |   163 |   400 |   174 ||   818
       Kick              |       |    13 |    85 |   170 |       |       ||   268
       Scimitar          |       |       |       |   586 |   202 |    19 ||   807
       Demon blade       |       |       |       |       |  1213 |   486 ||  1699
Invok: Berserk           |       |       |     1 |     3 |     4 |     2 ||    10
       Brothers in Arms  |       |       |       |     4 |     3 |     1 ||     8
       Trog's Hand       |       |       |       |       |     1 |     2 ||     3
Evoke: Wand              |       |       |       |     3 |    16 |     4 ||    23
  Use: Potion            |     3 |     4 |     3 |     4 |     1 |       ||    15
       Scroll            |     3 |     4 |     7 |    17 |     4 |     2 ||    37
 Stab: Distracted        |       |       |       |       |     1 |       ||     1
  Eat: Chunk             |     1 |     7 |     6 |    22 |    21 |     7 ||    64
       Ration            |       |       |     1 |     2 |     4 |     1 ||     8
Armor: Scale mail        |    54 |    59 |    98 |       |       |       ||   211
       Chain mail        |       |       |    22 |   231 |       |       ||   253
       Plate armour      |       |       |       |   252 |   754 |   229 ||  1235
Dodge: Dodged            |    30 |    35 |    72 |   202 |   309 |   102 ||   750
       Deflected         |       |       |       |       |    31 |     5 ||    36
Block: Shield            |    63 |    52 |   106 |   391 |   761 |   218 ||  1591
       Rpst.: Long sword |     9 |     8 |    19 |    28 |       |       ||    64
       Scimitar          |       |       |       |    20 |    14 |     2 ||    36
       Demon blade       |       |       |       |       |    53 |    24 ||    77
